 Dungeon Crawl Stone Soup version 0.23.2-33-g5129a83184 (webtiles) character file.

Game seed: 10048921577419201857

207 psyvane the Gusty (level 5, -4/28 HPs)
             Began as a Deep Elf Air Elementalist on June 30, 2019.
             Was a Follower of Makhleb.
             Killed by divine providence
             ... invoked by an orc priest
              (10 damage)
             ... on level 4 of the Dungeon.
             The game lasted 00:17:13 (3124 turns).

psyvane the Gusty (Deep Elf Air Elementalist)       Turns: 3124, Time: 00:17:14

Health: -4/28      AC:  3    Str:  5    XL:     5   Next: 54%
Magic:  0/14       EV: 13    Int: 21    God:    Makhleb [*.....]
Gold:   111        SH:  0    Dex: 15    Spells: 7/13 levels left

rFire    . . .     SeeInvis .   b - +0 short sword
rCold    . . .     Gourm    .   (no shield)
rNeg     . . .     Faith    .   a - +1 robe
rPois    .         Spirit   .   (no helmet)
rElec    .         Reflect  .   (no cloak)
rCorr    .         Harm     .   (no gloves)
MR       .....                  (no boots)
Stlth    +++.......             (no amulet)
HPRegen  0.09/turn              (no ring)
MPRegen  0.14/turn              (no ring)

@: hasted, very quick
A: no striking features
a: Renounce Religion


You were on level 4 of the Dungeon.
You worshipped Makhleb.
Makhleb was aware of your devotion.
You were not hungry.

You visited 1 branch of the dungeon, and saw 4 of its levels.

You collected 111 gold pieces.

Inventory:

Hand Weapons
 b - a +0 short sword (weapon)
 j - a +0 hunting sling
Armour
 a - a +1 robe (worn)
Wands
 d - a wand of iceblast (9)
Scrolls
 k - a scroll of identify
 l - a scroll of immolation {unknown}
 m - 2 scrolls of teleportation {unknown}
 o - a scroll of fear {unknown}
Potions
 g - a potion of flight
 h - a potion of might {unknown}
 n - a potion of lignification {unknown}
Comestibles
 c - 4 rations


   Skills:
 - Level 2.6 Dodging
 * Level 3.7 Stealth
 * Level 4.8 Spellcasting
 - Level 1.1 Conjurations
 * Level 5.0 Air Magic


You had 7 spell levels left.
You knew the following spells:

 Your Spells              Type           Power        Failure   Level  Hunger
a - Shock                 Conj/Air       ###.         3%          1    None
b - Swiftness             Chrm/Air       ###.....     6%          2    None
c - Static Discharge      Conj/Air       ###.....     10%         3    ##.....

Your spell library contained the following spells:

 Spells                   Type           Power        Failure   Level  Hunger
 Airstrike                Air            ####......   14%         4    ####...
 Lightning Bolt           Conj/Air       ###.......   65%         5    #####..


Dungeon Overview and Level Annotations

Branches:
Dungeon (4/15)
 Temple: D:4-7

Altars:
Ashenzari
Hepliaklqana
Makhleb
Yredelemnul

Annotations:
D:3 Terence


Message History

Makhleb accepts your kill.
You feel better.
The zap hits the scorpion.
The scorpion is moderately wounded.
The zap hits the scorpion.
The scorpion is moderately wounded.
The orc shouts!
The orc wizard shouts!
You hear a shout!
An orc priest comes into view. It is wielding a +0 mace.
The orc throws a stone.
The stone hits you.
An orc and an orc wizard come into view.
The orc is wielding a +1 dagger of venom.
The orc wizard is wielding a +0 dagger of flaming.
The orc priest calls down the wrath of Beogh upon you.
Beogh smites you!
* * * LOW HITPOINT WARNING * * *
An orc comes into view. It is wielding a +0 flail.
Your magical contamination has completely faded away.
The orc wizard casts a spell.
The orc wizard blinks!
The orc priest mumbles some strange prayers to Beogh against you.
Beogh smites you!
You die...

.........#######.#
####.o...........#
#...o.[.#####..###
..o...oo...# #....#
##........#####.###.#
#.#.......(s).## .#
#.##...§o####.# #.#
......#o.# #.## #.#
###..#.@# ##o###..#
....#.o# ###s...#.##
[##.
#..###.........####
...................
.##.###.............
.. ...#.##....#..####
.. ..........)..#8..#
... ...###.......#
... $# ##.#.#.)# .#


You could see 2 orc priests, 2 orc wizards and 4 orcs.

Vanquished Creatures
  An orc priest (D:4)
  2 orc wizards (D:4)
  A worker ant (D:4)
  3 adders
  2 oozes
  A worm (D:4)
  3 dart slugs
  4 orcs (D:4)
  5 ball pythons
  6 giant cockroaches
  8 goblins
  5 hobgoblins
  2 jackals (D:2)
  A quokka (D:2)
  A bat (D:2)
  2 frilled lizards
  5 kobolds
  3 rats
55 creatures vanquished.

Notes
Turn   | Place    | Note
-------+----------+-------------------------------------------
     0 | D:1      | psyvane the Deep Elf Air Elementalist began the quest for
                  | the Orb.
     0 | D:1      | Reached XP level 1. HP: 10/10 MP: 6/6
   225 | D:1      | Reached XP level 2. HP: 15/15 MP: 2/8
  1375 | D:2      | Reached XP level 3. HP: 19/19 MP: 0/9
  1379 | D:2      | Learned a level 2 spell: Swiftness
  1383 | D:2      | Learned a level 3 spell: Static Discharge
  1467 | D:2      | Found a shattered altar of Ashenzari.
  1468 | D:2      | Found a basalt altar of Yredelemnul.
  1472 | D:2      | Found a burning altar of Makhleb.
  1474 | D:2      | Reached skill level 4 in Air Magic
  1497 | D:2      | Became a worshipper of Makhleb the Destroyer
  1997 | D:2      | Reached XP level 4. HP: 23/24 MP: 3/11
  2437 | D:3      | Noticed Terence
  2507 | D:3      | Found a hazy altar of Hepliaklqana.
  3090 | D:4      | Reached XP level 5. HP: 28/28 MP: 9/13
  3098 | D:4      | Reached * piety under Makhleb
  3106 | D:4      | Reached skill level 5 in Air Magic
  3124 | D:4      | Killed from afar by an orc priest

Skill      XL: |  1  2  3  4  5 |
---------------+----------------+-----
Stealth        | 3 |  3.7
Air Magic      | 4 5 |  5.0
Spellcasting   | 4 |  4.8
Dodging        | |  2.6
Conjurations   | |  1.1

Action                   |  1- 3 |  4- 6 || total
-------------------------+-------+-------++-------
Melee: Short sword       |     6 |    14 ||    20
 Cast: Shock             |    87 |    46 ||   133
       Swiftness         |       |     3 ||     3
  Use: Scroll            |     2 |     2 ||     4
       Potion            |       |     4 ||     4
  Eat: Chunk             |     3 |     1 ||     4
       Ration            |       |     1 ||     1
Armor: Robe              |     2 |     1 ||     3
Dodge: Dodged            |     6 |    16 ||    22
